[Event "Titled Tuesday Blitz November 01 Early 2022"]
[White "Izuzquiza Gonzalez, Javier"]
[Black "Nurmanova, Alua"]
[WhiteFideId "3101029"]
[BlackFideId "13729390"]
[WhiteElo "2034"]
[BlackElo "2088"]
[Result "0-1"]
[Round "07"]
[TimeControl "180+1"]
[Date "2022.11.02"]
[WhiteClock "0:00:21"]
[BlackClock "0:00:33"]

1. d4 Nf6 2. c4 g6 3. g3 Bg7 4. Bg2 O-O 5. Nf3 d6 6. O-O Nbd7 7. Nc3 e5 8. e4 exd4 9. Nxd4 Re8 10. Qc2 Nc5 11. Re1 a5 12. h3 Bd7 13. Be3 Qc8 14. Kh2 Re5 15. Nde2 Bc6 16. Bd4 Re8 17. e5 Nfd7 18. exd6 cxd6 19. Bxg7 Kxg7 20. Nd5 Bxd5 21. Bxd5 Ne5 22. Qc3 Kg8 23. Rad1 Qf5 24. f4 Nc6 25. Bxc6 bxc6 26. Nd4 Qd7 27. Nf3 Ne4 28. Qd4 f5 29. Nd2 Nc5 30. Nf3 Ne4 31. Nd2 Qe6 32. Nxe4 fxe4 33. Qxd6 Qxc4 34. Rc1 Qxa2 35. Qf6 Rac8 36. f5 Rf8 37. Qe5 Rxf5 38. Rxe4 Rxe5 0-1


[Site "https://www.chess.com"]

[Event "Titled Tuesday Blitz November 01 Early 2022"]
[White "Jakubowski, Krzysztof"]
[Black "Ozen, Bahadir"]
[WhiteFideId "1112848"]
[BlackFideId "6337058"]
[WhiteElo "2373"]
[BlackElo "2503"]
[Result "0-1"]
[Round "07"]
[TimeControl "180+1"]
[Date "2022.11.01"]
[WhiteClock "0:00:01"]
[BlackClock "0:00:50"]

1. e4 g6 2. d4 Bg7 3. Nc3 c6 4. f4 d5 5. e5 Nh6 6. Nf3 Bg4 7. h3 Bxf3 8. Qxf3 Nf5 9. Ne2 h5 10. g4 Nh4 11. Qg3 hxg4 12. hxg4 e6 13. Bd2 c5 14. O-O-O Nc6 15. dxc5 g5 16. Qb3 gxf4 17. Nxf4 Nxe5 18. Nh5 Bh6 19. Qxb7 Rb8 20. Qxa7 Bxd2+ 21. Rxd2 Kf8 22. Qa6 Nhf3 23. Rg2 Qg5+ 24. Kb1 Nd2+ 25. Rxd2 Qxd2 26. Qd6+ Kg8 0-1


[Site "https://www.chess.com"]

[Event "Titled Tuesday Blitz November 01 Early 2022"]
[White "Jarocka, Liwia"]
[Black "Flis, Pawel"]
[WhiteFideId "21807558"]
[BlackFideId "1112864"]
[WhiteElo "1989"]
[BlackElo "1836"]
[Result "1-0"]
[Round "07"]
[TimeControl "180+1"]
[Date "2022.11.02"]
[WhiteClock "0:01:11"]
[BlackClock "0:00:08"]

1. e4 c5 2. Nf3 d6 3. d4 Nf6 4. Nc3 cxd4 5. Nxd4 a6 6. Bg5 e6 7. Qd2 h6 8. Bh4 Be7 9. O-O-O Qc7 10. f4 b5 11. Bxf6 Bxf6 12. Bxb5+ axb5 13. Ndxb5 Qc5 14. Qxd6 Qxd6 15. Nxd6+ Ke7 16. e5 Bxe5 17. Nxc8+ Rxc8 18. fxe5 Nc6 19. Rhe1 Ra5 20. b3 Nxe5 21. Kb2 Rac5 22. Re3 Ng4 23. Rg3 Nxh2 24. b4 Rc4 25. a3 f5 26. Rxg7+ Kf6 27. Rg3 f4 28. Rgd3 Ng4 29. R1d2 Ne3 30. g3 e5 31. gxf4 exf4 32. Nd5+ Nxd5 33. Rxd5 f3 34. Rf2 Ke6 35. Rd3 Rf4 36. Rdxf3 Rxf3 37. Rxf3 h5 38. Kb3 Ke5 39. c4 Ke4 40. Rh3 Rh8 41. a4 Kf4 42. a5 Kg4 43. Rh1 h4 44. b5 h3 45. a6 Kg3 46. Kb4 Kg2 47. Rxh3 Rxh3 48. b6 Rh1 49. a7 Rb1+ 50. Kc5 Kf3 51. a8=Q+ Ke3 52. b7 1-0


[Site "https://www.chess.com"]

[Event "Titled Tuesday Blitz November 01 Early 2022"]
[White "Jia, Haoxiang"]
[Black "Faizrakhmanov, Ramil"]
[WhiteFideId "8602999"]
[BlackFideId "24103209"]
[WhiteElo "2645"]
[BlackElo "2421"]
[Result "1-0"]
[Round "07"]
[TimeControl "180+1"]
[Date "2022.11.02"]
[WhiteClock "0:00:52"]
[BlackClock "0:00:13"]

1. d4 Nf6 2. c4 e6 3. Nf3 d5 4. Nc3 Bb4 5. cxd5 exd5 6. Bg5 h6 7. Bxf6 Qxf6 8. Qb3 Bxc3+ 9. bxc3 c6 10. e3 O-O 11. c4 dxc4 12. Bxc4 b5 13. Bd3 Be6 14. Qc2 Bd5 15. e4 Be6 16. O-O Rc8 17. Rfc1 Nd7 18. e5 Qe7 19. Bh7+ Kh8 20. Be4 Rab8 21. Bxc6 Rb6 22. Qe4 f5 23. exf6 Nxf6 24. Ne5 Kg8 25. Qe3 Qd6 26. Bf3 Rbb8 27. Rc6 Rxc6 28. Nxc6 Re8 29. Qd3 Bc4 30. Qg6 Bd5 31. Bxd5+ Qxd5 32. Qxe8+ Nxe8 33. Ne7+ 1-0


[Site "https://www.chess.com"]

[Event "Titled Tuesday Blitz November 01 Early 2022"]
[White "Jiganchine, Roman"]
[Black "Bogaudinov, Rushan"]
[WhiteFideId "2603667"]
[BlackFideId "4129288"]
[WhiteElo "2300"]
[BlackElo "1945"]
[Result "1-0"]
[Round "07"]
[TimeControl "180+1"]
[Date "2022.11.02"]
[WhiteClock "0:00:55"]
[BlackClock "0:02:09"]

1. e4 a6 2. d4 e6 3. Bd3 b5 4. Nf3 Bb7 5. a4 b4 6. c3 d5 7. e5 c5 8. O-O Nc6 9. dxc5 Bxc5 10. Re1 Nge7 11. h4 Qb6 12. Qe2 Ng6 13. h5 Ngxe5 14. Nxe5 Nxe5 15. Qxe5 Bxf2+ 16. Kh1 Bxe1 17. Qxe1 h6 18. a5 Qc5 19. cxb4 Qd4 20. Bf1 Rc8 21. Be3 Qxb2 22. Nd2 d4 23. Rb1 Qc3 24. Bf4 O-O 25. Be5 f6 26. Bd6 e5 27. Bxf8 Kxf8 28. Ne4 Qe3 29. Qxe3 dxe3 30. Nc5 Bd5 31. Re1 Bf7 32. Rxe3 Bxh5 33. Bxa6 Rd8 34. Ne6+ 1-0


[Site "https://www.chess.com"]

[Event "Titled Tuesday Blitz November 01 Early 2022"]
[White "Jobava, Baadur"]
[Black "Navara, David"]
[WhiteFideId "13601520"]
[BlackFideId "309095"]
[WhiteElo "2582"]
[BlackElo "2676"]
[Result "1-0"]
[Round "07"]
[TimeControl "180+1"]
[Date "2022.11.01"]
[WhiteClock "0:00:57"]
[BlackClock "0:00:02"]

1. e4 e5 2. Nf3 Nc6 3. d4 exd4 4. Nxd4 Nf6 5. Nxc6 bxc6 6. Bd3 d5 7. exd5 cxd5 8. O-O Be7 9. h3 O-O 10. Nd2 c5 11. b3 Bb7 12. Re1 Re8 13. Bb5 Nd7 14. Bb2 d4 15. Qg4 Nf6 16. Qe2 Qd5 17. Qf3 Qxf3 18. Nxf3 Reb8 19. Nxd4 cxd4 20. Rxe7 Bxg2 21. Kxg2 Rxb5 22. Bxd4 Rg5+ 23. Kf1 a5 24. Bxf6 gxf6 25. Rd1 a4 26. Rdd7 axb3 27. axb3 Ra1+ 28. Ke2 Ra2 29. Rc7 Rb5 30. Kd3 Rd5+ 31. Kc4 Rh5 32. c3 Rxh3 33. Rxf7 Rc2 34. Rg7+ Kf8 35. Rg3 Rh4+ 36. Kb5 Rxf2 37. c4 h5 38. c5 Re4 39. Rd3 h4 40. Rh7 Ke8 41. c6 Rc2 42. Rdd7 Re5+ 43. Kb6 1-0


[Site "https://www.chess.com"]

[Event "Titled Tuesday Blitz November 01 Early 2022"]
[White "Kanyamarala, Trisha"]
[Black "Toelly, Michael"]
[WhiteFideId "45004722"]
[BlackFideId "1625330"]
[WhiteElo "2099"]
[BlackElo "2090"]
[Result "1-0"]
[Round "07"]
[TimeControl "180+1"]
[Date "2022.11.02"]
[WhiteClock "0:00:53"]
[BlackClock "0:00:56"]

1. c4 e6 2. Nc3 Nf6 3. e4 d5 4. e5 Nfd7 5. d4 c5 6. cxd5 cxd4 7. dxe6 dxc3 8. exf7+ Kxf7 9. e6+ Kxe6 10. Bc4+ Ke7 11. Qe2+ Ne5 12. Qxe5+ Kd7 13. Bg5 Qb6 14. O-O-O+ Bd6 15. Qxg7+ Kc6 16. Bd5+ Kb5 17. Qxh8 Qxf2 18. Qxc3 Nc6 19. Qb3+ Ka6 20. Bc4+ Ka5 21. Qb5# 1-0


[Site "https://www.chess.com"]

[Event "Titled Tuesday Blitz November 01 Early 2022"]
[White "Karas, Marek"]
[Black "Rosenberg, Evan S"]
[WhiteFideId "14928558"]
[BlackFideId "2019299"]
[WhiteElo "2220"]
[BlackElo "2387"]
[Result "1-0"]
[Round "07"]
[TimeControl "180+1"]
[Date "2022.11.02"]
[WhiteClock "0:01:35"]
[BlackClock "0:00:06"]

1. d4 d5 2. c4 e6 3. Nf3 c5 4. cxd5 exd5 5. Nc3 Nc6 6. Bg5 Be7 7. Bxe7 Ngxe7 8. e3 O-O 9. Be2 Bg4 10. dxc5 Qa5 11. O-O Qxc5 12. Rc1 Qb6 13. Nb5 Bxf3 14. gxf3 Rad8 15. Qb3 Ne5 16. f4 Qg6+ 17. Kh1 Ng4 18. Bxg4 Qxg4 19. Nd4 Rd6 20. Rg1 Qh4 21. Rg3 Rh6 22. h3 Rg6 23. Kg2 b6 24. Rc7 Rh6 25. Nf3 Qh5 26. Rxe7 1-0


[Site "https://www.chess.com"]

[Event "Titled Tuesday Blitz November 01 Early 2022"]
[White "Khamdamova, Afruza"]
[Black "Laohawirapap, Prin"]
[WhiteFideId "14210444"]
[BlackFideId "6205003"]
[WhiteElo "2018"]
[BlackElo "2113"]
[Result "0-1"]
[Round "07"]
[TimeControl "180+1"]
[Date "2022.11.02"]
[WhiteClock "0:00:03"]
[BlackClock "0:01:17"]

1. e4 e6 2. d4 d5 3. Nc3 Bb4 4. e5 c5 5. a3 Bxc3+ 6. bxc3 Ne7 7. Nf3 b6 8. Bd3 Ba6 9. O-O Qd7 10. Be3 c4 11. Be2 Qa4 12. Qb1 Nbc6 13. Nd2 Nf5 14. Bf4 Qa5 15. Bg4 Nfe7 16. Qb2 Nxd4 17. cxd4 c3 18. Qb4 cxd2 19. Qxa5 bxa5 20. Rfd1 h5 21. Bh3 Rc8 22. Rxd2 O-O 23. g4 hxg4 24. Bxg4 Rc7 25. Rc1 Rfc8 26. Be2 Bxe2 27. Rxe2 Rc3 28. Kg2 Rxa3 29. Re3 Ra2 30. c3 Nf5 31. Rd3 a4 32. Rb1 Ra3 33. Bd2 Rb3 34. Ra1 a3 35. Bc1 Rcxc3 36. Rxc3 Rxc3 37. Bxa3 Rc4 38. Bc5 Nxd4 39. Bxd4 Rxd4 40. Rxa7 Re4 41. Ra8+ Kh7 42. Ra7 Kg6 43. f3 Rxe5 44. Kg3 d4 45. Rd7 Rd5 46. Ra7 d3 47. Ra1 d2 48. Rd1 Kf5 49. h4 g6 50. f4 Rd3+ 51. Kf2 Kxf4 52. Ke2 Rd7 53. Rf1+ Kg4 54. Kd1 Kxh4 55. Rf4+ Kg3 56. Rf1 f5 57. Rg1+ Kf2 58. Rxg6 f4 59. Rxe6 f3 60. Rf6 Kg2 61. Rg6+ Kf1 62. Rf6 f2 63. Rh6 Rd5 64. Rg6 Rd8 65. Rg7 Rh8 66. Kxd2 Rh2 67. Rf7 Kg1 68. Rg7+ Rg2 0-1


[Site "https://www.chess.com"]

[Event "Titled Tuesday Blitz November 01 Early 2022"]
[White "Kirillov, Dmitry"]
[Black "Korchmar, Vasiliy"]
[WhiteFideId "34180572"]
[BlackFideId "24131750"]
[WhiteElo "2095"]
[BlackElo "2370"]
[Result "1-0"]
[Round "07"]
[TimeControl "180+1"]
[Date "2022.11.02"]
[WhiteClock "0:01:48"]
[BlackClock "0:00:01"]

1. e4 c5 2. Nc3 d6 3. f4 Nc6 4. Nf3 e6 5. Bc4 Nf6 6. d3 Be7 7. O-O O-O 8. h3 a6 9. Bb3 Na5 10. e5 Nd7 11. Qe1 d5 12. f5 c4 13. dxc4 dxc4 14. f6 Bc5+ 15. Kh1 cxb3 16. axb3 Nc6 17. Qg3 g6 18. Qh4 Re8 19. Ne4 Bf8 20. Bh6 Ncxe5 21. Nxe5 Nxe5 22. Bxf8 h5 23. Qg5 1-0


[Site "https://www.chess.com"]

[Event "Titled Tuesday Blitz November 01 Early 2022"]
[White "Kodinets, Konstantin L."]
[Black "Gabrielian, Artur"]
[WhiteFideId "4122011"]
[BlackFideId "4131002"]
[WhiteElo "2447"]
[BlackElo "2432"]
[Result "1/2-1/2"]
[Round "07"]
[TimeControl "180+1"]
[Date "2022.11.02"]
[WhiteClock "0:00:10"]
[BlackClock "0:00:18"]

1. d4 Nf6 2. Nf3 g6 3. Bg5 Bg7 4. Nbd2 d5 5. e3 O-O 6. Bd3 c5 7. c3 Nbd7 8. O-O Re8 9. b4 c4 10. Bc2 h6 11. Bh4 a5 12. a3 e6 13. Ne5 Qb6 14. Qb1 axb4 15. Nxd7 Bxd7 16. axb4 Nh5 17. f4 Rxa1 18. Qxa1 Nf6 19. Bxf6 Bxf6 20. Qa3 Kg7 21. Ra1 g5 22. g3 h5 23. Qa7 Qc7 24. Qc5 Qxc5 25. bxc5 Rb8 26. Ra7 Bc6 27. Ba4 b5 28. cxb6 Bxa4 29. Rxa4 Rxb6 30. Ra2 g4 31. h3 Be7 32. hxg4 hxg4 33. e4 f5 34. exd5 exd5 35. Nf1 Rb1 36. Kf2 Rc1 37. Ne3 Rxc3 38. Nxd5 Rf3+ 39. Kg2 Bf8 40. Ra7+ Kg6 41. Rc7 Ra3 42. Rc6+ Kg7 43. Rxc4 Ra2+ 44. Kf1 Ra1+ 45. Kf2 Ra2+ 46. Kf1 Bd6 47. Ne3 Kf6 48. Rc6 Ke6 49. Nxf5 Kxf5 50. Rxd6 Ke4 51. Rb6 Ra1+ 52. Ke2 Ra2+ 53. Kf1 Ra3 54. Kf2 Ra2+ 55. Kf1 1/2-1/2


[Site "https://www.chess.com"]

[Event "Titled Tuesday Blitz November 01 Early 2022"]
[White "Korelskiy, Egor"]
[Black "Atabayev, Yusup"]
[WhiteFideId "34329064"]
[BlackFideId "14001128"]
[WhiteElo "2053"]
[BlackElo "2454"]
[Result "0-1"]
[Round "07"]
[TimeControl "180+1"]
[Date "2022.11.02"]
[WhiteClock "0:00:02"]
[BlackClock "0:00:01"]

1. e4 c5 2. Nf3 a6 3. c4 e6 4. Nc3 Qc7 5. d4 cxd4 6. Nxd4 Nf6 7. Be3 Bb4 8. f3 O-O 9. Rc1 Nc6 10. Be2 d5 11. exd5 exd5 12. O-O dxc4 13. Bxc4 Bd7 14. Bb3 Rad8 15. Qc2 Bd6 16. h3 Bh2+ 17. Kh1 Nh5 18. Ne4 Be5 19. Ne2 Bf5 20. Nf6+ Nxf6 21. Qxf5 Rfe8 22. Qc2 Bxb2 23. Qxb2 Rxe3 24. Nd4 Nh5 25. Nf5 Ng3+ 26. Nxg3 Qxg3 27. Qc2 Rde8 28. Qf5 R3e7 29. Bc4 Nd4 30. Qd5 Ne2 31. Rce1 Qc7 32. Rxe2 Rxe2 33. Bxe2 Rxe2 34. Rd1 h6 35. Qd3 Qc2 36. Qd8+ Kh7 37. Rg1 Rd2 38. Qe7 Qxa2 39. Qxb7 Qe6 40. Qb1+ g6 41. Qa1 Re2 42. Qd1 h5 43. Qc1 a5 44. Qd1 Re5 45. Qa1 h4 46. Qa4 g5 47. Qc2+ Kh6 48. Qc3 a4 49. Qb2 Ra5 50. Qh8+ Kg6 51. Qg8+ Kf5 52. Qh7+ Qg6 53. Qh8 a3 54. Qc8+ Qe6 55. Qc3 Qe5 56. Qd3+ Kf6 57. Qd8+ Kg7 58. Qd2 a2 59. f4 a1=Q 60. fxe5 Qxe5 61. Qd3 Rc5 62. Qd2 Rc3 63. Rf1 Re3 64. Qf2 f6 65. Qd2 Re2 66. Qd7+ Kg6 67. Qc8 Qe8 68. Qc4 Qe6 69. Qd3+ Qe4 70. Qd8 Qxg2# 0-1


[Site "https://www.chess.com"]

[Event "Titled Tuesday Blitz November 01 Early 2022"]
[White "Koridze, Lile"]
[Black "Al-Tarboush, Ward"]
[WhiteFideId "13612514"]
[BlackFideId "7601450"]
[WhiteElo "2050"]
[BlackElo "2269"]
[Result "0-1"]
[Round "07"]
[TimeControl "180+1"]
[Date "2022.11.02"]
[WhiteClock "0:00:01"]
[BlackClock "0:00:10"]

1. d4 d5 2. c4 c6 3. Nf3 Nf6 4. e3 e6 5. Nbd2 Nbd7 6. Bd3 Bd6 7. O-O e5 8. cxd5 cxd5 9. dxe5 Nxe5 10. Nxe5 Bxe5 11. h3 O-O 12. Nf3 Bd6 13. b3 Ne4 14. Bb2 Be6 15. Bxe4 dxe4 16. Qd4 Qf6 17. Qxd6 Qxb2 18. Ng5 Bf5 19. Qd5 Bg6 20. Nxe4 Rad8 21. Qxb7 Rb8 22. Qc6 Rfc8 23. Qa4 Qe5 24. Ng3 a5 25. Rfd1 Bc2 26. Qd4 Qg5 27. Rdc1 Rd8 28. Qc3 Bg6 29. Qc5 Qf6 30. Qxa5 Ra8 31. Qe1 h5 32. a4 h4 33. Ne2 Be4 34. b4 Rd5 35. Rc5 Rxc5 36. bxc5 Qg5 37. Nf4 Qxc5 38. a5 Ra6 39. Qd2 g5 40. Ne2 Kh7 41. Qd4 Qc6 42. f3 Bg6 43. Nc3 Qe6 44. Nd5 Rd6 45. e4 Ra6 46. Nc7 Qc8 47. Nxa6 Qxa6 48. Qb6 Qe2 49. a6 g4 50. Qf2 Qb5 51. a7 g3 52. Qe3 Qe5 53. a8=Q Qf6 54. Qa6 Qe5 55. Qa2 Qf6 56. Qd5 Qxa1+ 57. Qc1 Qxc1+ 0-1


[Site "https://www.chess.com"]

[Event "Titled Tuesday Blitz November 01 Early 2022"]
[White "Kosakowski, Jakub"]
[Black "Luxama, Jacques Muller"]
[WhiteFideId "1185080"]
[BlackFideId "11900113"]
[WhiteElo "2463"]
[BlackElo "1931"]
[Result "1-0"]
[Round "07"]
[TimeControl "180+1"]
[Date "2022.11.02"]
[WhiteClock "0:00:12"]
[BlackClock "0:00:02"]

1. d4 Nf6 2. Nf3 g6 3. g3 Bg7 4. Bg2 O-O 5. O-O c5 6. c4 cxd4 7. Nxd4 Nc6 8. Nc3 Nxd4 9. Qxd4 d6 10. Qd3 a6 11. Bf4 Qc7 12. Rac1 Be6 13. b3 Rfc8 14. Rfd1 Rab8 15. e4 Qa5 16. Qd2 b5 17. e5 dxe5 18. Bxe5 Rd8 19. Nd5 Qxd2 20. Rxd2 Bxd5 21. cxd5 Rbc8 22. Rxc8 Rxc8 23. d6 exd6 24. Rxd6 Ne8 25. Rd5 Bxe5 26. Rxe5 Nf6 27. a4 bxa4 28. bxa4 Rc1+ 29. Bf1 Ra1 30. a5 Kg7 31. Kg2 Ra2 32. h3 Nd7 33. Rd5 Nf6 34. Re5 Nd7 35. Re7 Nc5 36. Bc4 Rxa5 37. Rxf7+ Kh6 38. Rc7 Ne4 39. h4 1-0


[Site "https://www.chess.com"]

[Event "Titled Tuesday Blitz November 01 Early 2022"]
[White "Kosteniuk, Alexandra"]
[Black "Petrovic, Aleksa"]
[WhiteFideId "4128125"]
[BlackFideId "967629"]
[WhiteElo "2469"]
[BlackElo "2242"]
[Result "1-0"]
[Round "07"]
[TimeControl "180+1"]
[Date "2022.11.02"]
[WhiteClock "0:00:29"]
[BlackClock "0:00:12"]

1. Nf3 Nf6 2. g3 b6 3. Bg2 Bb7 4. c4 c5 5. O-O e6 6. b3 Be7 7. Bb2 O-O 8. e3 Nc6 9. d4 cxd4 10. Nxd4 Qc7 11. Nc3 a6 12. Rc1 Ne5 13. e4 d6 14. f4 Ned7 15. Kh1 Rac8 16. Qe2 Qb8 17. Rfd1 Rfe8 18. g4 g6 19. b4 Rc7 20. Nb3 Rec8 21. Nd2 Ba8 22. a3 Bf8 23. Bf3 e5 24. g5 Ne8 25. f5 Be7 26. f6 Bf8 27. Bg4 b5 28. cxb5 axb5 29. Nxb5 Rxc1 30. Rxc1 Rxc1+ 31. Bxc1 Qc8 32. Bb2 d5 33. Nc3 d4 34. Nd5 Nd6 35. Qd3 Bb7 36. Nb6 Qc6 37. Nxd7 Nxe4 38. Nxe4 Qxe4+ 39. Qxe4 Bxe4+ 40. Kg1 d3 41. Nxf8 d2 42. Nd7 Bc2 43. Nxe5 1-0


[Site "https://www.chess.com"]

[Event "Titled Tuesday Blitz November 01 Early 2022"]
[White "Krysa, Leandro"]
[Black "Ivic, Velimir"]
[WhiteFideId "116807"]
[BlackFideId "950122"]
[WhiteElo "2486"]
[BlackElo "2625"]
[Result "1-0"]
[Round "07"]
[TimeControl "180+1"]
[Date "2022.11.01"]
[WhiteClock "0:00:03"]
[BlackClock "0:00:14"]

1. e4 c5 2. Nf3 Nc6 3. d4 cxd4 4. Nxd4 e5 5. Nb5 d6 6. c4 a6 7. N5c3 Be6 8. Nd5 g6 9. Nbc3 Bg7 10. Be3 Rc8 11. Bd3 Nf6 12. O-O O-O 13. Rc1 Nd7 14. Bb1 f5 15. exf5 gxf5 16. f4 e4 17. Kh1 Nf6 18. b4 Ng4 19. Bg1 Qh4 20. h3 Rcd8 21. a4 Nf6 22. b5 Nh5 23. bxc6 Ng3+ 24. Kh2 Nxf1+ 25. Qxf1 bxc6 26. Nb6 Kh8 27. Ba2 Rg8 28. Ne2 Rb8 29. Rd1 Rbd8 30. a5 c5 31. Be3 Bf6 32. Qf2 Qh5 33. Rc1 Rg7 34. Rg1 Rdg8 35. g3 Rg6 36. Bd2 Rh6 37. Qg2 Rgg6 38. Bc3 Qf3 39. Bxf6+ Rxf6 40. h4 Qa3 41. Nc1 Qxa5 42. Qb2 Kg8 43. Rd1 Bf7 44. Nd7 Re6 45. Ne2 Qc7 46. Nb6 Qb7 47. Rb1 Re8 48. Qc2 Qe7 49. Nc3 e3 50. Nbd5 Bxd5 51. Nxd5 Qe4 52. Qxe4 Rxe4 53. Kg2 e2 54. Kf2 Rhe6 55. Re1 Re8 56. Nc3 Re3 57. Nd5 Ra3 58. Bb1 Kg7 59. Bxf5 a5 60. h5 a4 61. g4 h6 62. g5 hxg5 63. fxg5 Re5 64. h6+ Kh8 65. Bg4 Rxg5 66. Bxe2 Rf5+ 67. Kg2 Re5 68. Kf2 Ra2 69. Nc3 Rc2 70. Nxa4 Kh7 71. Nb6 Kxh6 72. Kf3 Kg7 73. Rg1+ Kf7 74. Bd3 Rc3 75. Rd1 Ke6 76. Nd5 Ra3 77. Nf4+ Kd7 78. Rh1 Kc6 79. Rh8 Ra1 80. Be4+ Kd7 81. Bd5 Ra3+ 82. Kg4 Ra1 83. Rh7+ Re7 84. Rh6 Rg7+ 85. Kf3 Rf1+ 86. Ke3 Re7+ 87. Be4 Kd8 88. Nd5 Rg7 89. Rh8+ Kd7 90. Ra8 Re1+ 91. Kd3 Rg3+ 92. Kd2 Rf1 93. Ra7+ Kd8 94. Ra8+ Kd7 95. Ra7+ Ke8 96. Bd3 Rf2+ 97. Be2 Rgg2 98. Nc3 Rh2 99. Rb7 Kd8 100. Ra7 Rfg2 101. Rf7 Rg4 102. Rf6 Rd4+ 103. Kc2 Ke7 104. Rf1 Rg4 105. Re1 Rgg2 106. Kd3 Kf6 107. Bf3 Rg3 108. Ne4+ Kf5 109. Nxg3+ Kf4 110. Ne4 Kxf3 111. Nxd6 Rh8 112. Nb5 Rd8+ 113. Kc3 Kf2 114. Re5 Rc8 115. Nd6 Rc6 116. Rd5 Ke3 117. Nb5 Ke4 118. Na3 Ra6 119. Nc2 Ra5 120. Ne1 Ra3+ 121. Kb2 Ra4 122. Kb3 Ra5 123. Nd3 Ke3 124. Nxc5 Ra1 125. Na4 Rb1+ 126. Nb2 Ke4 127. Rd8 Rc1 128. Kb4 Rb1 129. Kc3 Rc1+ 130. Kd2 Rb1 131. Kc2 Rh1 132. c5 Ke5 133. Na4 Ke6 134. Kc3 Ra1 135. Kb4 Rb1+ 136. Kc4 Ke7 137. Rd2 Rc1+ 138. Nc3 Ke6 139. c6 Ra1 140. Kc5 Ra5+ 141. Kb6 Ra8 142. Nb5 Ke5 143. c7 Rh8 144. Rd8 Ke4 145. c8=Q 1-0


[Site "https://www.chess.com"]

[Event "Titled Tuesday Blitz November 01 Early 2022"]
[White "Kustar, Sandor"]
[Black "Tharushi, T H D Niklesha"]
[WhiteFideId "702900"]
[BlackFideId "9918264"]
[WhiteElo "2376"]
[BlackElo "1596"]
[Result "1-0"]
[Round "07"]
[TimeControl "180+1"]
[Date "2022.11.02"]
[WhiteClock "0:01:28"]
[BlackClock "0:01:53"]

1. Nf3 d5 2. c4 Nf6 3. cxd5 Nxd5 4. d4 e6 5. e4 Nf6 6. Nc3 Bb4 7. Bd3 O-O 8. e5 Nd5 9. Bxh7+ Kxh7 10. Ng5+ Qxg5 11. Bxg5 Nxc3 12. bxc3 Bxc3+ 13. Bd2 Bxa1 14. Qxa1 b6 15. Qc1 c6 16. h4 Ba6 17. h5 Nd7 18. h6 g6 19. Bb4 c5 20. dxc5 bxc5 21. Bc3 c4 22. Rh4 Nc5 23. Qg5 Nd3+ 24. Kf1 Rad8 25. Qf6 Rg8 26. Qxf7+ Kh8 27. Qxe6 Nc1 28. Qf6+ Kh7 29. Qf7+ Kh8 30. e6+ Rg7 31. Qxg7# 1-0


[Site "https://www.chess.com"]

[Event "Titled Tuesday Blitz November 01 Early 2022"]
[White "Lauridsen, Jesper Morch"]
[Black "Lawson, Eric"]
[WhiteFideId "1401890"]
[BlackFideId "2604116"]
[WhiteElo "2270"]
[BlackElo "2533"]
[Result "1-0"]
[Round "07"]
[TimeControl "180+1"]
[Date "2022.11.02"]
[WhiteClock "0:00:15"]
[BlackClock "0:00:13"]

1. e4 c5 2. d4 cxd4 3. c3 Nf6 4. e5 Nd5 5. Nf3 e6 6. cxd4 d6 7. Bc4 Nb6 8. Bb3 Nc6 9. O-O dxe5 10. Bg5 Be7 11. Bxe7 Qxe7 12. dxe5 Bd7 13. Nc3 O-O 14. Ne4 Rfd8 15. Qd6 Be8 16. Qxe7 Nxe7 17. Nd6 Bc6 18. Ng5 Rf8 19. Ngxf7 Rxf7 20. Bxe6 Bd5 21. Bxf7+ Bxf7 22. Nxb7 Nc4 23. f4 Nxb2 24. Nd6 Bd5 25. Rab1 Nc4 26. Nxc4 Bxc4 27. Rf2 Kf7 28. Rb7 Ke6 29. Rd2 Nd5 30. g3 g5 31. fxg5 Rf8 32. Rf2 Ra8 33. Rxh7 Kxe5 34. g6 Rb8 35. Rh5+ Ke4 36. Rh4+ Kd3 37. Rf3+ Ne3 38. Rxe3+ Kxe3 39. Rxc4 Rb1+ 40. Kg2 Rb6 41. Rg4 Rb2+ 42. Kh3 Rxa2 43. g7 Ra6 44. g8=Q Rh6+ 45. Rh4 Rf6 46. Qe8+ Kf2 47. Qe5 Rf3 48. Rf4 a5 49. Qb2+ Kg1 50. Rxf3 a4 51. Qf2+ 1-0


[Site "https://www.chess.com"]

[Event "Titled Tuesday Blitz November 01 Early 2022"]
[White "Le, Tuan Minh"]
[Black "Papasimakopoulos, Alexandros"]
[WhiteFideId "12401153"]
[BlackFideId "4244125"]
[WhiteElo "2530"]
[BlackElo "2357"]
[Result "1/2-1/2"]
[Round "07"]
[TimeControl "180+1"]
[Date "2022.11.01"]
[WhiteClock "0:00:06"]
[BlackClock "0:00:21"]

1. d4 e6 2. Nf3 Nf6 3. Bf4 c5 4. c3 Nc6 5. e3 d5 6. Nbd2 cxd4 7. exd4 Nh5 8. Be5 f6 9. Bg3 Bd6 10. Be2 Nf4 11. O-O O-O 12. Re1 Nxe2+ 13. Qxe2 Re8 14. Rad1 Bxg3 15. hxg3 Rb8 16. c4 dxc4 17. Nxc4 Nb4 18. g4 h6 19. Ne3 Nd5 20. Qc4 b5 21. Qb3 Bb7 22. Nf1 Nf4 23. Ng3 Qd5 24. Qe3 Nh3+ 25. gxh3 Qxf3 26. Qxf3 Bxf3 27. Rc1 Bd5 28. Rc5 Bxa2 29. Ra1 Bd5 30. Rxa7 Ra8 31. Rxa8 Rxa8 32. Rxb5 Ra1+ 33. Kh2 Rd1 34. Nf5 exf5 35. Rxd5 fxg4 36. hxg4 Rd2 37. b4 Rxf2+ 38. Kg3 Rb2 39. b5 Kf7 40. Rd7+ Ke6 41. Rxg7 Rxb5 42. Kf4 Rd5 43. Ke4 h5 44. gxh5 Rxh5 45. Ra7 Rh4+ 46. Kd3 Rh1 47. Ra6+ Kf5 48. Kc4 Rc1+ 49. Kd5 Kg5 50. Ke6 Re1+ 51. Kd6 Rd1 52. d5 f5 53. Ke6 f4 54. d6 f3 55. Ra5+ Kg4 56. Ra2 Kg3 57. d7 f2 58. Rxf2 Kxf2 59. Ke7 Re1+ 60. Kf7 Rd1 61. Ke7 Rxd7+ 62. Kxd7 1/2-1/2


[Site "https://www.chess.com"]

[Event "Titled Tuesday Blitz November 01 Early 2022"]
[White "Lee, Linden"]
[Black "Bryakin, Mikhail"]
[WhiteFideId "30941830"]
[BlackFideId "4165314"]
[WhiteElo "2566"]
[BlackElo "2367"]
[Result "0-1"]
[Round "07"]
[TimeControl "180+1"]
[Date "2022.11.02"]
[WhiteClock "0:01:24"]
[BlackClock "0:00:56"]

1. d4 Nf6 2. c4 c5 3. d5 e6 4. Nc3 d6 5. e4 exd5 6. cxd5 a6 7. a4 Bg4 8. Be2 Bxe2 9. Ngxe2 g6 10. O-O Bg7 11. Be3 Nbd7 12. h3 O-O 13. Ng3 Ne5 14. Qe2 Re8 15. f4 Ned7 16. e5 dxe5 17. f5 Qc7 18. Rad1 e4 19. Bf4 Qb6 20. fxg6 hxg6 21. d6 Qc6 22. h4 Re6 23. h5 Rae8 24. hxg6 fxg6 25. Qc4 Nb6 26. Qa2 c4 27. Nge2 Qc5+ 28. Kh1 g5 29. Bg3 Ng4 30. a5 Rh6+ 31. Bh4 Rxh4# 0-1


[Site "https://www.chess.com"]

[Event "Titled Tuesday Blitz November 01 Early 2022"]
[White "Li, Hui"]
[Black "Blokhin, Sofia"]
[WhiteFideId "15400310"]
[BlackFideId "4508190"]
[WhiteElo "1954"]
[BlackElo "2005"]
[Result "1-0"]
[Round "07"]
[TimeControl "180+1"]
[Date "2022.11.02"]
[WhiteClock "0:00:02"]
[BlackClock "0:00:02"]

1. e4 c5 2. Nf3 e6 3. d4 cxd4 4. Nxd4 a6 5. c4 Nf6 6. Nc3 Bb4 7. Bd3 O-O 8. O-O Nc6 9. Nxc6 dxc6 10. e5 Bxc3 11. bxc3 Nd7 12. Re1 Qa5 13. Bf4 Qxc3 14. Rc1 Qa5 15. Qg4 g6 16. h4 Nc5 17. Bb1 Bd7 18. h5 Kg7 19. Qg5 Qd8 20. Qf6+ Qxf6 21. exf6+ Kxf6 22. Bd6 b6 23. Bxf8 Rxf8 24. hxg6 hxg6 25. Rcd1 Ke7 26. f4 b5 27. cxb5 cxb5 28. Rc1 Rc8 29. Red1 Na4 30. Rxc8 Bxc8 31. Rc1 Bd7 32. Kf2 Nb6 33. Bd3 Nd5 34. g3 Nb4 35. Bb1 Kd6 36. a3 Nd5 37. Be4 Nf6 38. Bb7 a5 39. Rd1+ Kc7 40. Bf3 Bc6 41. Rc1 Nd5 42. Bxd5 exd5 43. Ke3 Kd6 44. Kd4 Bd7 45. Re1 f6 46. Rh1 Bf5 47. Rh8 Be4 48. Ra8 a4 49. Ra6+ Kc7 50. Rxf6 Kd7 51. Rb6 Kc7 52. Rxb5 Kc6 53. Rb4 Bc2 54. Rb8 Kc7 55. Rb2 Bb3 56. g4 Kd6 57. f5 gxf5 58. gxf5 Ke7 59. Ke5 Kf7 60. f6 Kf8 61. Rd2 Kf7 62. Rd4 Kf8 63. Rh4 Kf7 64. Rh7+ Kg8 65. Rd7 Kf8 66. Ra7 Ke8 67. Kd4 Kf8 68. Rc7 Ke8 69. Re7+ Kf8 70. Ra7 Ke8 71. Kc5 Kf8 72. Kd6 Ke8 73. Ke6 d4+ 74. Ke5 d3 75. Ra8+ Kf7 76. Rd8 Bc2 77. Rd7+ Ke8 78. Rd4 Kf7 79. Rd6 1-0


[Site "https://www.chess.com"]